 Dungeon Crawl Stone Soup version 0.26-a0-597-gb535b0901c (webtiles) character file.

Game seed: 15192786097904557813

(classic levelgen) 295763 EnegeticOcto the Champion of Chaos (level 19, -10/184 HPs)
             Began as a Deep Dwarf Fighter on Aug 27, 2020.
             Was the Champion of Makhleb.
             Mangled by an ettin
             ... wielding a +1 dire flail of draining
              (13 damage)
             ... on level 5 of the Depths.
             The game lasted 00:16:17 (15557 turns).

EnegeticOcto the Champion of Chaos (DDFi)          Turns: 15557, Time: 00:16:18

Health: -10/184    AC: 22    Str: 31    XL:     19   Next: 64%
Magic:  28/28 (19) EV: 11    Int: 11    God:    Makhleb [******]
Gold:   1803       SH: 20    Dex: 17    Spells: 18/18 levels left

rFire    + . .     SeeInvis .   F - +7 Sulking Sword {vorpal, sonic wave}
rCold    + + .     Faith    .   c - +0 kite shield
rNeg     + . .     Spirit   .   T - +0 gold dragon scales
rPois    +         Reflect  +   H - +2 hat
rElec    +         Harm     .   W - +0 cloak of Pon Bah {Str+5}
rCorr    .                      N - +0 pair of gloves (curse)
MR       ++...                  m - +0 pair of boots
Stlth    ..........             O - amulet of reflection
HPRegen  0.00/turn              M - ring "Geream" {MP+9 EV+4 Dex+7 Stlth-}
MPRegen  0.21/turn              y - ring of Uskayaw's Benevolence {*Corrode +Fly rElec rPois rC+}

@: non-regenerating, glowing, silenced, lightly drained
A: damage resistance, heal wounds, clumsy 1, deformed body, negative energy
resistance 1, sense surroundings 3, screaming 1, subdued magic 1, no
regeneration
}: 3/15 runes: serpentine, barnacled, slimy
a: Heal Wounds, Renounce Religion, Evoke Flight


You were on level 5 of the Depths.
You worshipped Makhleb.
Makhleb was exalted by your worship.
You visited 7 branches of the dungeon, and saw 39 of its levels.
You also visited: Bailey.

You collected 1848 gold pieces.
You spent 45 gold pieces at shops.

Inventory:

Hand Weapons
 a - a +1 vorpal war axe
 F - the +7 Sulking Sword (weapon) {vorpal, sonic wave}
   (You took it off a gnoll shaman in a bailey)

   It inflicts extra damage upon your enemies.
Missiles
 B - 10 throwing nets (quivered)
Armour
 c - a +0 kite shield (worn)
 m - a +0 pair of boots (worn)
 D - a +1 crystal plate armour
 H - a +2 hat (worn)
 N - a cursed +0 pair of gloves (worn)
 T - +0 gold dragon scales (worn)
 W - the +0 cloak of Pon Bah (worn) {Str+5}
   (You found it on level 5 of the Pits of Slime)

   It affects your strength (+5).
Jewellery
 j - an uncursed ring of resist corrosion
 k - an uncursed ring of protection from magic
 x - an uncursed ring of protection from fire
 y - the ring of Uskayaw's Benevolence (right hand) {*Corrode +Fly rElec rPois rC+}
   (You found it on level 5 of the Dungeon)

   [ring of flight]

   It protects you from cold.
   It insulates you from electricity.
   It protects you from poison.
   It lets you fly.
   It may corrode you when you take damage.
 A - an uncursed ring of protection from cold
 L - the ring of Mafyta {AC+4 Dex+7}
   (You found it on level 3 of the Shoals)

   [ring of protection]

   It affects your AC (+4).
   It affects your dexterity (+7).
 M - the ring "Geream" (left hand) {MP+9 EV+4 Dex+7 Stlth-}
   (You found it on level 2 of the Lair of Beasts)

   [ring of evasion]

   It affects your evasion (+4).
   It affects your dexterity (+7).
   It affects your magic capacity (+9).
   It makes you less stealthy.
 O - an amulet of reflection (around neck)
 Q - an uncursed ring of see invisible
Wands
 h - a wand of flame (68) {@v4}
 i - a wand of polymorph (13)
 l - a wand of iceblast (21)
 w - a wand of paralysis (14)
 I - a wand of digging (11) {@v3}
 R - a wand of acid (20) {@v1}
Scrolls
 o - 10 scrolls of teleportation {@r3}
 q - 4 scrolls of magic mapping {@r5}
 t - 13 scrolls of remove curse {@r2}
 u - a scroll of fog
 v - 2 scrolls of identify {@r1}
 G - 9 scrolls of enchant weapon
 X - a scroll of fear
Potions
 d - 3 potions of might {@q3}
 e - 3 potions of flight
 f - 8 potions of heal wounds {@q2}
 g - 11 potions of curing {@q1}
 n - 4 potions of ambrosia
 p - 3 potions of berserk rage
 r - 6 potions of haste {@q4}
 s - 3 potions of mutation
 z - 3 potions of resistance {@q6}
 C - 2 potions of magic
 E - 3 potions of lignification {@q7}
 J - 3 potions of cancellation {unknown}
 K - 5 potions of stabbing {@q5}
 P - a potion of invisibility
Miscellaneous
 b - a condenser vane (1/2)
 S - a phial of floods
 Y - a tin of tremorstones (3/3)


   Skills:
 + Level 14.9(14.7) Fighting
 - Level 16.0(15.8) Long Blades
 - Level 9.8(9.7) Axes
 + Level 17.2(17.1) Armour
 - Level 15.0(14.8) Shields
 + Level 18.9(18.7) Invocations
 - Level 10.0(9.8) Evocations


You had 18 spell levels left.
You didn't know any spells.
Your spell library was empty.

Dungeon Overview and Level Annotations

Branches:
Dungeon (15/15)            Temple (1/1) D:7            Lair (5/6) D:10
 Shoals (4/4) Lair:2        Snake (4/4) Lair:2        Slime (5/5) Lair:5
    Orc (0/2) D:10         Depths (5/5) D:15         Bailey (visited)
 Vaults: D:13-14        Zot: Depths:5

Altars:
Ashenzari
Cheibriados
Dithmenos
Elyvilon
Fedhas
Gozag
Hepliaklqana
Kikubaaqudgha
Makhleb
Nemelex Xobeh
Okawaru
Qazlal
Ru
Sif Muna
Trog
Uskayaw
Vehumet
Xom
Zin
The Shining One
Jiyva

Shops:
D:5 ?   D:10 (

Portals:
Abyss: Depths:3

Annotations:
D:15 2 transporters, Omnid's ghost, journeyman MiFi
Lair:3 3 runed translucent doors, Weocefet's ghost, journeyman DDFi
Shoals:2 1 transporter, Tifomino's ghost, adept FoFi
Depths:5 Mennas


Innate Abilities, Weirdness & Mutations

You are resistant to damage.
You can heal yourself by infusing magical energy.
You resist negative energy. (rN+)
You passively map a large area around you.
You do not regenerate.
You are clumsy. (Dex -2)
Armour fits poorly on your strangely shaped body.
You occasionally shout uncontrollably at your foes.
Your spells are a little easier to cast, but a little less powerful.


Message History

The spriggan berserker is engulfed in poison gas.
The spriggan berserker is poisoned.
The yaktaur is engulfed in poison gas.
The yaktaur is poisoned.
The yaktaur shoots a bolt.
The bolt hits you!
The spriggan rider is engulfed in poison gas.
The spriggan rider is poisoned.
The spriggan rider hits you but does no damage.
The spriggan berserker is engulfed in poison gas.
The spriggan berserker is poisoned.
The spriggan rider is engulfed in poison gas.
The spriggan rider is poisoned.
You block the spriggan rider's attack.
The ettin is engulfed in poison gas.
The ettin is poisoned.
The spriggan rider is engulfed in poison gas.
The spriggan rider is poisoned.
The spriggan rider hits you from afar with a +0 spear!
* * * LOW HITPOINT WARNING * * *
The spriggan defender is engulfed in poison gas.
The spriggan defender looks even sicker.
The spriggan defender hits you with a +1 rapier of freezing!
* * * LOW HITPOINT WARNING * * *
The spriggan defender freezes you.
The yaktaur is engulfed in poison gas.
The yaktaur is poisoned.
The spriggan berserker is engulfed in poison gas.
The spriggan berserker looks even sicker.
A battlesphere comes into view.
You feel much better.
The quicksilver dragon roars deafeningly!
You hear a deafening roar!
Mennas hits you with a +4 sacred scourge of holy wrath.
Mennas hits you but does no damage.
The spriggan berserker is engulfed in poison gas.
The spriggan berserker looks even sicker.
The spriggan rider is engulfed in poison gas.
The spriggan rider looks even sicker.
You block the spriggan rider's attack.
The storm dragon is engulfed in poison gas.
The storm dragon looks even sicker.
The storm dragon bites you!
The storm dragon claws you but does no damage.
You block the storm dragon's attack.
The tengu conjurer is engulfed in poison gas.
The tengu conjurer looks even sicker.
The spriggan air mage looks even sicker.
The spriggan air mage waves its arms in wide circles.
The air twists around and strikes you!!
* * * LOW HITPOINT WARNING * * *
The spriggan defender is engulfed in poison gas.
The spriggan defender looks even sicker.
You block the spriggan defender's attack.
The spriggan rider is engulfed in poison gas.
The spriggan rider looks even sicker.
You block the spriggan rider's attack.
The spriggan berserker is engulfed in poison gas.
The spriggan berserker looks even sicker.
The spriggan rider is poisoned.
The spriggan rider hits you with a +0 spear.
The spriggan rider is engulfed in poison gas.
The spriggan rider looks even sicker.
The spriggan rider hits you but does no damage.
The spriggan rider looks even sicker.
The spriggan rider hits you but does no damage.
Mennas gestures frantically.
Mennas's surroundings become eerily quiet.
The spriggan berserker is engulfed in poison gas.
The spriggan berserker looks even sicker.
The ettin is engulfed in poison gas.
The ettin looks even sicker.
The ettin barely misses you.
The ettin hits you with a cursed -2 dire flail!!
* * * LOW HITPOINT WARNING * * *
The tengu conjurer is engulfed in poison gas.
The tengu conjurer looks even sicker.
The yaktaur is engulfed in poison gas.
The yaktaur looks even sicker.
The yaktaur wields a +0 arbalest.
The yaktaur shoots a bolt.
The bolt closely misses you.
The bolt hits the spriggan rider!!
Your magical essence is drained by the effort!
You feel much better.
The spriggan defender looks as sick as possible!
The spriggan defender hits you with a +1 rapier of freezing!!
* * * LOW HITPOINT WARNING * * *
The spriggan defender freezes you.
The storm dragon is engulfed in poison gas.
The storm dragon looks even sicker.
The storm dragon bites you!
* * * LOW HITPOINT WARNING * * *
The storm dragon claws you but does no damage.
You block the storm dragon's attack.
The spriggan rider is engulfed in poison gas.
The spriggan rider looks even sicker.
You block the spriggan rider's attack. You block Mennas's attack.
Mennas hits you with a +4 sacred scourge of holy wrath!
* * * LOW HITPOINT WARNING * * *
The spriggan air mage is engulfed in poison gas.
The spriggan air mage looks even sicker.
The spriggan rider is engulfed in poison gas.
The spriggan rider looks even sicker.
You block the spriggan rider's attack.
The spriggan rider looks even sicker.
The spriggan rider hits you from afar with a +3 spear!
* * * LOW HITPOINT WARNING * * *
The spriggan rider looks even sicker.
The spriggan rider hits you from afar with a +0 spear.
* * * LOW HITPOINT WARNING * * *
The ettin is engulfed in poison gas.
The ettin looks even sicker.
The ettin hits you but does no damage. You partially resist.
You feel drained.
The ettin hits you with a cursed -2 dire flail!
You die...

, ,....#* , , , * ,
.....# , , , ,
......#*,, , ⌠ , , ,
, , .......## ,,, * ,
* , ,,,.....D..###, ,
,* ......§§§.#### ,
,,, ......§ii....# ,
* , ,
......§ii##..#∩* * *
* ,, ,......iii@§§.#
* , , ,
,..#...Q§CADc§# * *
,,, , ,
..§§§§*.§§§i§cc..c,,,
< ,
..§§§i..§§§§§§§... ,,
, ,
..§§§§.#.......... ,
, .#§§...#.........#
* , , , ,
##....##.......## *,
, #... ##......# , ,
, * , ##.....#**,,,*
*


You could see Mennas (silencing), a storm dragon (very poisoned), a quicksilver
dragon, a yaktaur captain, a spriggan defender (extremely poisoned), an ettin
(very poisoned), 5 spriggan riders, 2 spriggan berserkers, a spriggan air mage
(repels missiles, very poisoned), 2 yaktaurs, a tengu conjurer (very poisoned)
and a battlesphere.

Vanquished Creatures
  the Royal Jelly (Slime:5)
  Bai Suzhen (Depths:3)
  Vashnia (Snake:2)
  A caustic shrike (Depths:3)
  2 golden dragons (Depths:3)
  Nikola (Shoals:3)
  Jorgrun (Snake:2)
  23 acid blobs
  2 sphinxes (Depths:3)
  Frances (D:14)
  Gastronok (D:11)
  A tengu reaver (Depths:3)
  9 nagarajas
  2 frost giants
  6 fire giants
  20 azure jellies
  Aizul (Snake:1)
  A caustic shrike zombie (D:15)
  3 spriggan defenders (Depths:3)
  7 stone giants (Depths:3)
  4 very ugly things (Depths:3)
  A vampire knight (Depths:1)
  6 spark wasps
  12 death oozes
  3 fire dragons (Depths:3)
  2 jiangshi (Depths:3)
  3 ettins
  3 merfolk impalers (Shoals:4)
  2 merfolk javelineers (Shoals:4)
  3 yaktaur captains
  An ice dragon (Depths:3)
  A deep elf high priest (Depths:3)
  7 great orbs of eyes
  A rakshasa (Depths:1)
  5 hydras
  14 naga warriors
  3 centaur warriors
  13 anacondas
  A merfolk avatar (Shoals:3)
  2 merfolk aquamancers (Shoals:4)
  6 two-headed ogres
  An alligator snapping turtle (Shoals:4)
  A satyr (Shoals:4)
  2 deep troll shamans (Depths:3)
  2 deep troll earth magi
  19 naga sharpshooters
  3 tengu warriors
  A spriggan berserker (Depths:3)
  Urug (D:11)
  4 shock serpents
  A fire crab (shapeshifter) (Depths:3)
  A sun demon (Depths:3)
  A soul eater (Depths:3)
  5 salamander mystics (Snake:4)
  8 sea snakes
  6 skeletal warriors
  3 deep trolls (Depths:3)
  An unseen horror (shapeshifter) (Depths:5)
  An unseen horror (D:15)
  3 naga ritualists
  2 flayed ghosts
  4 harpies (Shoals:4)
  A phantasmal warrior (D:15)
  3 glowing orange brains
  A necromancer (D:15)
  4 lindwurms (Snake:4)
  A cyclops (D:15)
  4 shining eyes
  11 mana vipers
  3 salamanders
  A frost giant zombie (D:15)
  6 elephants (Lair:4)
  An elephant (shapeshifter) (Depths:3)
  2 manticores
  14 ugly things
  7 guardian serpents
  21 black mambas
  20 naga magi
  2 merfolk sirens (Shoals:4)
  A rust devil (Depths:3)
  2 gargoyles
  4 cane toads
  An orange demon (Depths:3)
  A freezing wraith (D:15)
  3 rime drakes
  2 efreet (D:14)
  A spriggan zombie (D:15)
  4 yaktaurs (Depths:3)
  4 komodo dragons
  A tengu conjurer (D:15)
  3 trolls (D:10)
  2 polar bears
  2 snapping turtles
  2 merfolk (Shoals:4)
  120 slime creatures
  8 blink frogs (Lair:1)
  5 hippogriffs
  A shadow (D:15)
  5 water elementals
  A fire dragon skeleton (D:15)
  A wyvern (D:8)
  41 yaks
  4 golden eyes (Slime:3)
  A basilisk (Lair:2)
  11 vampire mosquitoes
  Eustachio (D:6)
  Menkaure (D:5)
  An acid dragon (D:14)
  29 nagas
  11 water moccasins
  A floating eye (Depths:3)
  7 porcupines
  8 orc warriors
  4 ice beasts (D:7)
  A hornet zombie (D:15)
  5 sky beasts
  6 eyes of draining
  4 ogres
  3 phantoms
  7 centaurs
  4 crocodiles
  2 big kobolds
  12 bullfrogs
  8 gnoll sergeants (Bailey)
  A water moccasin zombie (D:6)
  2 scorpions
  A water moccasin skeleton (D:5)
  2 wyvern skeletons
  11 killer bees
  An electric eel (Lair:4)
  9 wights
  3 crimson imps (D:5)
  3 howler monkeys
  A bullfrog zombie (D:6)
  2 quasits
  3 centaur skeletons
  2 centaur zombies
  8 jellies
  3 bullfrog skeletons
  4 orc priests
  Crazy Yiuf (D:4)
  7 hounds
  6 gnoll shamans (Bailey)
  6 iguanas
  8 worker ants
  9 orc wizards
  A howler monkey zombie (D:9)
  A worker ant zombie (D:6)
  13 adders
  16 gnolls
  2 river rats (Lair:5)
  3 shadow imps
  A white imp (D:7)
  3 ufetubi
  4 oozes
  An adder skeleton (D:5)
  4 worms
  A worm (shapeshifter) (Depths:3)
  A dart slug (D:1)
  4 leopard geckos
  47 orcs
  A giant cockroach (D:1)
  2 goblins
  6 hobgoblins (D:2)
  2 jackals (D:8)
  9 kobolds
  3 quokkas
  9 ball pythons
  A bat (D:2)
  A frilled lizard (D:5)
  3 rats
928 creatures vanquished.

Vanquished Creatures (others)
  A naga warrior (Snake:1)
  A vampire mage (Depths:3)
  A merfolk siren (Shoals:4)
  2 gnolls (Bailey)
  52 fungi
  82 plants
  12 withered plants (D:15)
151 creatures vanquished.

Grand Total: 1079 creatures vanquished

Notes
Turn   | Place    | Note
-------+----------+-------------------------------------------
     0 | D:1      | EnegeticOcto the Deep Dwarf Fighter began the quest for the
                  | Orb.
     0 | D:1      | Reached XP level 1. HP: 20/20 MP: 1/1
    95 | D:2      | Reached XP level 2. HP: 27/27 MP: 2/2
   140 | D:2      | Reached XP level 3. HP: 17/34 MP: 3/3
   208 | D:2      | Reached XP level 4. HP: 37/42 MP: 4/4
   599 | D:4      | Reached XP level 5. HP: 30/49 MP: 5/5
   624 | D:4      | Noticed a phantom
   650 | D:4      | Killed a phantom
  1020 | D:4      | Noticed an ogre
  1032 | D:4      | Killed an ogre
  1032 | D:4      | Reached XP level 6. HP: 36/57 MP: 6/6
  1046 | D:4      | Found a runed translucent door.
  1047 | D:4      | Noticed Crazy Yiuf
  1257 | D:4      | Reached skill level 5 in Axes
  1345 | D:4      | Killed Crazy Yiuf
  1378 | D:5      | Entered Level 5 of the Dungeon
  1491 | D:5      | Reached XP level 7. HP: 43/64 MP: 7/7
  1507 | D:5      | Found Koll's Magic Scroll Shop.
  1512 | D:5      | Bought a scroll of magic mapping for 45 gold pieces
  1527 | D:5      | Reached skill level 5 in Armour
  1527 | D:5      | Reached skill level 5 in Shields
  1532 | D:5      | Noticed Menkaure
  1547 | D:5      | Killed Menkaure
  1749 | D:5      | Reached XP level 8. HP: 54/73 MP: 7/7
  1784 | D:5      | Got a glittering jade ring
  1791 | D:5      | Found a shimmering altar of Xom.
  1916 | D:6      | Identified the ring of Uskayaw's Benevolence {*Corrode +Fly
                  | rElec rPois rC+} (You found it on level 5 of the Dungeon)
  1974 | D:6      | Noticed Eustachio
  1993 | D:6      | Killed Eustachio
  2092 | D:6      | Reached skill level 5 in Fighting
  2454 | D:6      | Found a hazy altar of Hepliaklqana.
  2455 | D:6      | Identified the +1 robe of Heosudas {rN+}
  2743 | D:7      | Gained mutation: You passively map the area around you.
                  | [Deep Dwarf growth]
  2743 | D:7      | Reached XP level 9. HP: 51/81 MP: 7/7
  2869 | D:7      | Found a staircase to the Ecumenical Temple.
  2926 | Temple   | Entered the Ecumenical Temple
  2965 | Temple   | Became a worshipper of Makhleb the Destroyer
  3225 | D:7      | Reached skill level 1 in Invocations
  3254 | D:7      | Reached skill level 2 in Invocations
  3416 | D:8      | Found a flagged portal.
  3424 | Bailey   | Entered a bailey
  3476 | Bailey   | Reached * piety under Makhleb
  3496 | Bailey   | Reached skill level 3 in Invocations
  3911 | D:8      | Reached ** piety under Makhleb
  3911 | D:8      | Reached skill level 4 in Invocations
  3911 | D:8      | Reached XP level 10. HP: 77/92 MP: 6/8
  3963 | D:8      | Reached skill level 1 in Long Blades
  3972 | D:8      | Noticed a two-headed ogre
  3977 | D:8      | Killed a two-headed ogre
  4463 | D:9      | Found a shattered altar of Ashenzari.
  4464 | D:9      | Found a stormy altar of Qazlal.
  4464 | D:9      | Found a blossoming altar of Fedhas.
  4466 | D:9      | Found an iron altar of Okawaru.
  4466 | D:9      | Found a shimmering blue altar of Sif Muna.
  4468 | D:9      | Found a bloodstained altar of Trog.
  4468 | D:9      | Found an ancient bone altar of Kikubaaqudgha.
  4469 | D:9      | Found a sacrificial altar of Ru.
  4483 | D:9      | Reached *** piety under Makhleb
  4489 | D:9      | Reached skill level 5 in Invocations
  5304 | D:10     | Entered Level 10 of the Dungeon
  5304 | D:10     | Noticed a two-headed ogre
  5313 | D:10     | Killed a two-headed ogre
  5313 | D:10     | Reached skill level 5 in Long Blades
  5313 | D:10     | Reached skill level 6 in Invocations
  5315 | D:10     | Noticed a two-headed ogre
  5320 | D:10     | Killed a two-headed ogre
  5320 | D:10     | Reached XP level 11. HP: 100/100 MP: 10/10
  5399 | D:10     | Reached **** piety under Makhleb
  5406 | D:10     | Identified the +5 war axe "Viorph" {vorpal, Int+6} (You
                  | found it on level 10 of the Dungeon)
  5416 | D:10     | Found a staircase to the Lair.
  5683 | D:10     | Found a staircase to the Orcish Mines.
  5691 | D:10     | Found Tecviw's Weapon Shoppe.
  5941 | D:11     | Noticed a two-headed ogre
  5947 | D:11     | Killed a two-headed ogre
  5947 | D:11     | Reached skill level 7 in Invocations
  6119 | D:11     | Noticed Gastronok
  6130 | D:11     | Killed Gastronok
  6301 | D:11     | Reached skill level 8 in Invocations
  6675 | D:11     | Noticed Urug
  6695 | D:11     | Killed Urug
  6959 | Lair:1   | Entered Level 1 of the Lair of Beasts
  7138 | Lair:1   | Noticed an eight-headed hydra
  7151 | Lair:1   | Killed a 14-headed hydra
  7151 | Lair:1   | Reached XP level 12. HP: 71/111 MP: 13/13
  7739 | Lair:2   | Reached skill level 10 in Armour
  7739 | Lair:2   | Reached skill level 10 in Shields
  7786 | Lair:2   | Found a staircase to the Shoals.
  7814 | Lair:2   | Reached skill level 9 in Invocations
  7851 | Lair:2   | Got a transparent pewter ring
  7860 | Lair:2   | Reached ***** piety under Makhleb
  7897 | Lair:2   | Identified the ring "Geream" {MP+9 EV+4 Dex+7 Stlth-} (You
                  | found it on level 2 of the Lair of Beasts)
  7905 | Lair:2   | Found a staircase to the Snake Pit.
  8075 | Lair:2   | Found the +3 pair of gauntlets of War {Slay+5}
  8486 | Snake:1  | Entered Level 1 of the Snake Pit
  8500 | Snake:1  | Noticed Aizul
  8508 | Snake:1  | Noticed a naga warrior
  8524 | Snake:1  | HP: 4/112 [Aizul (6)]
  8528 | Snake:1  | Killed a naga warrior
  8536 | Snake:1  | Killed Aizul
  8539 | Snake:1  | Noticed an anaconda
  8546 | Snake:1  | Killed an anaconda
  8598 | Snake:1  | Reached skill level 10 in Invocations
  8735 | Snake:1  | Noticed a naga warrior
  8745 | Snake:1  | Killed a naga warrior
  8745 | Snake:1  | Reached skill level 10 in Long Blades
  8745 | Snake:1  | Reached XP level 13. HP: 114/121 MP: 12/12
  8782 | Snake:2  | Noticed Jorgrun
  8785 | Snake:2  | Noticed Vashnia
  8991 | Lair:3   | Found a runed translucent gate.
  8992 | Lair:3   | Found a runed translucent gate.
  8996 | Lair:3   | Found a runed translucent gate.
  9053 | Lair:3   | Noticed Weocefet's ghost (journeyman DDFi)
 10382 | Lair:5   | Found a staircase to the Slime Pits.
 10527 | Lair:5   | Reached skill level 11 in Invocations
 11157 | Snake:2  | Killed Jorgrun
 11157 | Snake:2  | Reached skill level 10 in Fighting
 11162 | Snake:2  | Gained mutation: You resist negative energy. (rN+) [Deep
                  | Dwarf growth]
 11162 | Snake:2  | Reached XP level 14. HP: 132/132 MP: 12/12
 11162 | Snake:2  | Killed Vashnia
 11180 | Snake:2  | Reached ****** piety under Makhleb
 11226 | Snake:2  | Reached skill level 12 in Invocations
 11400 | Snake:3  | Got a sparkling granite ring
 11425 | Snake:3  | Identified the ring "Ankuis" {rC++ MR- MP+9 Dex+8} (You
                  | found it on level 3 of the Snake Pit)
 11468 | Snake:3  | Noticed a nagaraja
 11481 | Snake:3  | Killed a nagaraja
 11540 | Snake:4  | Entered Level 4 of the Snake Pit
 11616 | Snake:4  | Noticed a nagaraja
 11626 | Snake:4  | Killed a nagaraja
 11694 | Snake:4  | Reached XP level 15. HP: 140/140 MP: 14/14
 12005 | Snake:4  | Noticed a nagaraja
 12014 | Snake:4  | Noticed a nagaraja
 12016 | Snake:4  | Killed a nagaraja
 12025 | Snake:4  | Killed a nagaraja
 12025 | Snake:4  | Reached skill level 13 in Invocations
 12042 | Snake:4  | Noticed a nagaraja
 12043 | Snake:4  | Noticed a nagaraja
 12054 | Snake:4  | Killed a nagaraja
 12054 | Snake:4  | Killed a nagaraja
 12099 | Snake:4  | Noticed a nagaraja
 12116 | Snake:4  | Killed a nagaraja
 12154 | Snake:4  | Noticed a nagaraja
 12156 | Snake:4  | Noticed a nagaraja
 12159 | Snake:4  | Killed a nagaraja
 12164 | Snake:4  | Killed a nagaraja
 12275 | Snake:4  | Reached XP level 16. HP: 149/151 MP: 5/16
 12389 | Snake:4  | Got a serpentine rune of Zot
 12697 | Shoals:1 | Entered Level 1 of the Shoals
 12706 | Shoals:2 | Found a transporter.
 12711 | Shoals:2 | Identified the +4 trident "Riquv Ipiun" {distort, Str+4}
 12717 | Shoals:2 | Noticed Tifomino's ghost (adept FoFi)
 12751 | Shoals:3 | Reached skill level 14 in Invocations
 12760 | Shoals:3 | Got an ancient turquoise ring
 12773 | Shoals:3 | Noticed Nikola
 12795 | Shoals:3 | Killed Nikola
 12942 | Shoals:4 | Entered Level 4 of the Shoals
 12976 | Shoals:4 | Reached skill level 15 in Long Blades
 13055 | Shoals:4 | Got a barnacled rune of Zot
 13229 | Lair:5   | Identified the ring of Mafyta {AC+4 Dex+7} (You found it on
                  | level 3 of the Shoals)
 13236 | Slime:1  | Entered Level 1 of the Pits of Slime
 13236 | Slime:1  | Noticed an acid blob
 13251 | Slime:1  | Killed an acid blob
 13267 | Slime:1  | Gained mutation: You occasionally shout uncontrollably at
                  | your foes. [a shining eye]
 13285 | Slime:1  | Gained mutation: Armour fits poorly on your strangely
                  | shaped body. [a shining eye]
 13328 | Slime:2  | Noticed an acid blob
 13332 | Slime:2  | Gained mutation: Your spells are a little easier to cast,
                  | but a little less powerful. [a shining eye]
 13338 | Slime:2  | Killed an acid blob
 13355 | Slime:2  | Noticed an acid blob
 13373 | Slime:2  | Killed an acid blob
 13532 | Slime:3  | Noticed an acid blob
 13541 | Slime:3  | Killed an acid blob
 13545 | Slime:3  | Noticed an acid blob
 13560 | Slime:3  | Reached XP level 17. HP: 159/159 MP: 18/18
 13560 | Slime:3  | Reached skill level 15 in Invocations
 13560 | Slime:3  | Killed an acid blob
 13626 | Slime:4  | Noticed an acid blob
 13626 | Slime:4  | Noticed an acid blob
 13632 | Slime:4  | Noticed an acid blob
 13635 | Slime:4  | Noticed an acid blob
 13639 | Slime:4  | Killed an acid blob
 13640 | Slime:4  | Killed an acid blob
 13647 | Slime:4  | Killed an acid blob
 13647 | Slime:4  | Killed an acid blob
 13712 | Slime:5  | Entered Level 5 of the Pits of Slime
 13728 | Slime:5  | Noticed an acid blob
 13743 | Slime:5  | Noticed an acid blob
 13744 | Slime:5  | Killed an acid blob
 13744 | Slime:5  | Noticed the Royal Jelly
 13745 | Slime:5  | Noticed an acid blob
 13749 | Slime:5  | Noticed an acid blob
 13750 | Slime:5  | Killed an acid blob
 13750 | Slime:5  | Reached skill level 15 in Shields
 13750 | Slime:5  | Noticed an acid blob
 13756 | Slime:5  | Killed an acid blob
 13756 | Slime:5  | Reached skill level 15 in Armour
 13756 | Slime:5  | Reached skill level 16 in Invocations
 13756 | Slime:5  | Noticed an acid blob
 13759 | Slime:5  | Noticed an acid blob
 13764 | Slime:5  | Noticed an acid blob
 13766 | Slime:5  | Noticed an acid blob
 13769 | Slime:5  | Noticed an acid blob
 13769 | Slime:5  | Noticed an acid blob
 13777 | Slime:5  | HP: 7/163 [acid (6)]
 13791 | Slime:5  | Found a viscous altar of Jiyva.
 13791 | Slime:5  | Gained mutation: You are clumsy. (Dex -2) [a shining eye]
 13792 | Slime:5  | Found the cursed +14 obsidian axe {vorpal, +Fly SInv
                  | *Curse}
 13865 | Slime:5  | Noticed an acid blob
 13869 | Slime:5  | Killed an acid blob
 13875 | Slime:5  | Killed an acid blob
 13875 | Slime:5  | Noticed an acid blob
 13876 | Slime:5  | Killed an acid blob
 13885 | Slime:5  | Killed an acid blob
 13886 | Slime:5  | Killed an acid blob
 13887 | Slime:5  | Noticed an acid blob
 13888 | Slime:5  | Killed an acid blob
 13888 | Slime:5  | Killed an acid blob
 13888 | Slime:5  | Killed an acid blob
 13889 | Slime:5  | Killed an acid blob
 13892 | Slime:5  | Killed an acid blob
 13893 | Slime:5  | Killed the Royal Jelly
 13893 | Slime:5  | Gained mutation: You passively map a large area around you.
                  | [Deep Dwarf growth]
 13893 | Slime:5  | Reached XP level 18. HP: 172/172 MP: 15/18
 13915 | Slime:5  | Got a pitted bronze ring
 13917 | Slime:5  | Got a slimy rune of Zot
 13919 | Slime:5  | Got a faintly glowing platinum ring
 13936 | Slime:5  | Identified the +0 cloak of Pon Bah {Str+5} (You found it on
                  | level 5 of the Pits of Slime)
 14066 | Slime:5  | Identified the ring "Qenat" {rF- rN+ Int+2 Dex+2 Stlth-}
                  | (You found it on level 5 of the Pits of Slime)
 14068 | Slime:5  | Identified the ring of Beogh's Castigation {rElec MR- MP+9
                  | EV+4 Dex+4} (You found it on level 5 of the Pits of Slime)
 14433 | D:14     | Noticed Frances
 14442 | D:14     | Reached skill level 17 in Invocations
 14453 | D:14     | Killed Frances
 14507 | D:14     | Reached skill level 1 in Evocations
 14521 | D:15     | Entered Level 15 of the Dungeon
 14565 | D:15     | Noticed Omnid's ghost (journeyman MiFi)
 14573 | D:15     | Identified the +3 battleaxe "Mesme" {antimagic, rF+ Int+4
                  | Dex-4 Stlth+}
 14581 | D:15     | Identified the cursed +1 morningstar "Huijurgh" {antimagic,
                  | rF- rN+ Int+4 Stlth+}
 14645 | D:15     | Found a transporter.
 14649 | D:15     | Found a transporter.
 14686 | D:15     | Found a staircase to the Depths.
 14736 | Depths:1 | Entered Level 1 of the Depths
 14739 | Depths:1 | Reached skill level 5 in Evocations
 15016 | Depths:3 | Identified the +10 dagger "Guguopa" {pain, SInv}
 15072 | Depths:3 | Paralysed by a floating eye for 2 turns
 15097 | Depths:3 | Noticed a caustic shrike
 15108 | Depths:3 | Killed a caustic shrike
 15111 | Depths:3 | Noticed a golden dragon
 15123 | Depths:3 | Reached XP level 19. HP: 158/182 MP: 19/19
 15125 | Depths:3 | Killed a golden dragon
 15125 | Depths:3 | Reached skill level 18 in Invocations
 15129 | Depths:3 | Noticed a golden dragon
 15142 | Depths:3 | Killed a golden dragon
 15142 | Depths:3 | Reached skill level 10 in Evocations
 15145 | Depths:3 | Paralysed by a floating eye for 4 turns
 15148 | Depths:3 | Noticed Bai Suzhen
 15169 | Depths:3 | Killed Bai Suzhen
 15340 | Depths:3 | Found a one-way gate to the infinite horrors of the Abyss.
 15533 | Depths:5 | Entered Level 5 of the Depths
 15534 | Depths:5 | Noticed Mennas
 15557 | Depths:5 | HP: 4/184 [spriggan rider/+3 spear[a spriggan defender]
                  | (6)]
 15557 | Depths:5 | Mangled by an ettin

Illustrated notes

Levels and vault maps discovered:
D:1:      dpeg_arrival_stonehenge_12_columns, layout_basic, minivault_19
D:2:      layout_basic, lemuel_zombie_altar_yredelemnul
D:3:      layout_basic
D:4:      layout_basic, uniq_crazy_yiuf_cottage
D:5:      layout_cave_pools, serial_shops, kennysheep_little_box, led_xom_imps,
          uniq_menkaure
D:6:      wad_crossroads, layout_basic, kennysheep_mini, uniq_eustachio
D:7:      layout_basic, minmay_temple_entry_large_hall, st_stairs_7,
          grunt_potential
D:8:      layout_basic, enter_bailey_2
D:9:      layout_roguey [special_room_orc], grunt_temple_overflow_open,
          serial_co_window_serial, co_window_of_opportunity_a,
          co_window_paths_b, co_window_paths_b, co_window_corner_a,
          co_window_paths_a, co_window_2corner, co_window_unsneaky_path_c,
          co_window_paths_c, co_window_corner_cb, co_window_corner_cb,
          glass_columns_b, glass_columns_a
D:10:     layout_gridville, grunt_lair_entry_orc_guard_hut, orc_david_3,
          serial_glass, glass_columns_b, glass_columns_a
D:11:     layout_basic, uniq_urug, uniq_gastronok
D:12:     layout_loops_ring, serial_ice, serial_ice_b, serial_ice_o,
          serial_ice_c, serial_ice_a, serial_ice_e, serial_ice_m, serial_ice_l,
          serial_ice_d, serial_shops, shop, nicolae_shop_trees,
          kennysheep_mini_moat, drop_trap, uniq_rupert
D:13:     layout_cave_pools, david_vaults_5, lemuel_oklob_altar
D:14:     layout_rooms, minmay_stone_trees_large, uniq_frances
D:15:     gammafunk_depths_entry_grave, layout_basic,
          gammafunk_ghost_wrathful_warriors
Temple:   nicolae_temple_x_marks_the_god
Lair:1:   layout_small_grid, grunt_megastairs_3
Lair:2:   layout_loops_ring, minmay_shoals_entry_beasts,
          guppyfry_snake_entry_garden, serial_bayou_crossing
Lair:3:   layout_cave_pods, gammafunk_ghost_hydra_chop,
          small_statue_intersection, minivault_25, minivault_27, minmay_holes
Lair:4:   layout_small_grid, serial_bayou_shore_a, grunt_megastairs_5
Lair:5:   layout_misc_corridors, nicolae_slime_entry_slimehenge, pond,
          grunt_megastairs_2
Shoals:1: layout_shoals, regret_index_shoals_crete
Shoals:2: layout_shoals, gammafunk_ghost_wrathful_warriors, serial_shops,
          nicolae_shop_window_shopping
Shoals:3: layout_shoals, uniq_nikola
Shoals:4: shoals_end_simple, layout_shoals
Snake:1:  layout_gridlike, uniq_aizul, uniq_azrael
Snake:2:  nicolae_snake_nest, layout_basic, guppyfry_snake_island, uniq_vashnia,
          uniq_jorgrun
Snake:3:  layout_onion, serial_shops, statue_bzr, st_stairs_13
Snake:4:  snake_pit_salamanders_mu, layout_misc_corridors,
          nicolae_snake_springs, lemuel_fruit_tree
Slime:1:  cheibrodos_slime_lost_civilization_10, layout_caves
Slime:2:  layout_caves
Slime:3:  layout_caves
Slime:4:  layout_caves, cheibrodos_slime_lost_civilization_5
Slime:5
Depths:1: layout_big_octagon, pf_vacation_house_of_asmodeus,
          kennysheep_just_a_vault, serial_bayou_shore_b, serial_bayou_shore_b,
          kennysheep_random_hallway, minmay_shoptagon
Depths:2: radiant_caverns_a_rkd, hell_entry
Depths:3: hangedman_arch_fort, layout_small_grid, serial_bayou_lagoon_a,
          rand_demon_pan_entry_1, hell_entry, abyss_entry,
          infiniplex_staircase_spiral, uniq_bai_suzhen
Depths:4: minmay_the_grid_square_5x5_3x3 [minmay_the_grid_square_5x5_seven,
          minmay_the_grid_square_5x5_minimal,
          minmay_the_grid_square_5x5_minivault, minmay_the_grid_square_5x5_meh,
          minmay_the_grid_square_5x5_megaprize_open,
          minmay_the_grid_square_5x5_three_walls,
          minmay_the_grid_square_5x5_misaligned, minmay_the_grid_square_5x5_tie,
          minmay_the_grid_square_5x5_shrine2], layout_cave_pools,
          enter_ziggurat_e, grunt_hell_entry_dis_grunt,
          abyss_entry_small_statue_room, chequers_serial_rivers_room_a,
          serial_bayou_ford_a
Depths:5: grunt_zot_entry_gee_three, layout_cave_shapes, abyss_entry,
          hangedman_decor_growths, hell_entry, uniq_mennas

Skill      XL: |  1  2  3  4  5  6  7  8  9 10 11 12 13 14 15 16 17 18 19 |
---------------+----------------------------------------------------------+-----
Fighting       | 3 4 5 6 7 8 9 10 11 12 13 14 | 14.9
Axes           | 3 4 5 6 8 9 |  9.8
Shields        | 4 5 6 7 8 9 10 11 12 13 14 15 | 15.0
Armour         | 4 5 6 7 8 9 10 11 12 13 14 15 16 17 | 17.2
Invocations    | 4 6 8 10 11 12 13 14 16 17 18 | 18.9
Long Blades    | 5 7 10 11 13 14 15 16 | 16.0
Evocations     | 8 10 | 10.0

Action                   |  1- 3 |  4- 6 |  7- 9 | 10-12 | 13-15 | 16-18 | 19-21 || total
-------------------------+-------+-------+-------+-------+-------+-------+-------++-------
Melee: War axe           |    41 |   117 |   445 |       |       |       |       ||   603
       Double sword      |       |       |    16 |   364 |   544 |   792 |    95 ||  1811
 Abil: Heal Wounds       |     2 |     3 |    22 |    18 |     5 |    13 |     4 ||    67
Evoke: Wand              |       |       |     5 |     1 |       |     1 |       ||     7
       Condenser vane    |       |       |       |       |       |       |     1 ||     1
  Use: Scroll            |       |     3 |    12 |    14 |     5 |    11 |     1 ||    46
       Potion            |       |       |       |       |       |     4 |       ||     4
Armor: Scale mail        |    17 |    42 |   229 |       |       |       |       ||   288
       Crystal plate arm |       |       |    56 |   311 |   268 |   313 |    40 ||   988
       Gold dragon scale |       |       |       |       |       |       |    30 ||    30
Dodge: Dodged            |    12 |    36 |   154 |    57 |    96 |   136 |    39 ||   530
Block: Kite shield       |    24 |    59 |   320 |   306 |   515 |   567 |   132 ||  1923
       Reflection        |       |       |       |    10 |    74 |    35 |    14 ||   133
       Rpst.: Double sword |       |       |       |    15 |    19 |    24 |     2 ||    60

Table legend: (Time is in decaauts)
 A = Elapsed time spent in this place.
 B = Non-inter-level travel time spent in this place.
 C = Inter-level travel time spent in this place.
 D = Time resting spent in this place.
 E = Time spent auto-exploring this place.
 F = Levels seen in this place.
 G = Mean time per level.
                   A        B        C        D        E       F      G
               +--------+--------+--------+--------+--------+-----+--------+
         Total |  15504 |  14059 |   1445 |    200 |   9685 |  40 |  387.6 |
       Dungeon |   7067 |   6711 |    356 |      0 |   5030 |  15 |  471.1 |
        Temple |     49 |     40 |      9 |      0 |     30 |   1 |   49.0 |
          Lair |   3904 |   3432 |    472 |     26 |   2982 |   5 |  780.8 |
        Shoals |    426 |    357 |     69 |      0 |    181 |   4 |  106.5 |
     Snake Pit |   2042 |   1658 |    384 |      0 |    890 |   4 |  510.5 |
    Slime Pits |    799 |    691 |    108 |    174 |     18 |   5 |  159.8 |
        Depths |    756 |    711 |     45 |      0 |    353 |   5 |  151.2 |
        Bailey |    456 |    456 |      0 |      0 |    200 |   1 |  456.0 |
               +--------+--------+--------+--------+--------+-----+--------+

Top non-repeatable levels by time:
    D:11: 1097 daAuts
 Snake:4: 974 daAuts
     D:4: 939 daAuts
     D:9: 930 daAuts
  Lair:3: 885 daAuts
  Lair:2: 868 daAuts
  Lair:1: 807 daAuts
     D:6: 770 daAuts
     D:7: 725 daAuts
  Lair:4: 722 daAuts
    D:10: 648 daAuts
  Lair:5: 621 daAuts
 Snake:1: 606 daAuts
     D:5: 568 daAuts
     D:8: 557 daAuts
